AoeStats
← kkkg

Arena

508429094Analyzed
1v1 RM · 10d ago on Sep 22, 2026· 36m 22s· 2 players
Game mode
Random Map
Map size
Tiny (2 player)
Population
200
Speed
Normal
Resources
Standard
Victory
Conquest
Starting age
Dark Age
Ending age
Imperial Age
RankedLock teamsTeams togetherTeam positionsShared explorationLock speedFull tech treeHidden civsTurbo modeCheats
Victory
Defeat
🇹🇼 Inca · Taiwan
855
+18
🇨🇳 Hindustanis · China
898
-18
timmywang50301
11:44 Feudal Age
15:35 Castle Age
13:26 Double-Bit Axe
14:20 Horse Collar
22:57 Bow Saw
25:19 Heavy Plow
26:44 Scale Mail Armor
29:32 Imperial Age
26:46 Champi Runner
27:27 Squires
27:53 Forging
27:52 Champi Warrior
28:58 Chain Mail Armor
29:06 Gold Mining
29:21 Loom
30:31 Iron Casting
31:43 Conscription
32:07 Plate Mail Armor
31:45 Elite Champi Warrior
32:11 Arson
32:21 Fletching
33:27 Bodkin Arrow
36:01 Blast Furnace
35:02 Bracer
35:04 Padded Archer Armor
kkkg
9:50 Feudal Age
14:33 Castle Age
12:47 Double-Bit Axe
18:34 Bow Saw
21:28 Horse Collar
21:54 Gold Mining
21:55 Stone Mining
23:54 Wheelbarrow
25:26 Gold Shaft Mining
25:28 Stone Shaft Mining
30:27 Imperial Age
28:15 Hand Cart
27:47 Town Watch
30:14 Heavy Plow
32:37 Chemistry
33:12 Two-Man Saw
32:31 Grand Trunk Road
32:53 Conscription
31:56 Elite Ghulam
32:40 Shatagni
33:25 Ballistics
33:51 Thumb Ring
34:01 Padded Archer Armor
33:52 Fletching
36:57 Leather Archer Armor
36:38 Bodkin Arrow
36:54 Forging
36:45 Scale Mail Armor
Connection lost

Rejoining the realm…

Still unreachable

The connection could not be restored.

Session expired

The server has moved on; the page needs a fresh start.